 Dungeon Crawl Stone Soup version 0.31.0-11-ge490571c62 (webtiles) character file.

Game seed: 10126882658295561686

3782 qw the Skirmisher (level 9, 0/54 HPs)
             Began as a Deep Elf Hunter on Feb 4, 2024.
             Was a Believer of Okawaru.
             Slain by an orc wizard
             ... wielding a +0 dagger
              (1 damage)
             ... while petrified by a basilisk
             ... on level 8 of the Dungeon.
             The game lasted 00:00:44 (7923 turns).

qw the Skirmisher (Deep Elf Hunter)                 Turns: 7923, Time: 00:00:45

Health: 0/54       AC:  6    Str: 12    XL:     9   Next: 95%
Magic:  14/14      EV:  2    Int: 15    God:    Okawaru [**....]
Gold:   161        SH:  0    Dex: 18    Spells: 8/8 levels left

rFire   . . .        a - +0 shortbow (heavy)
rCold   . . .        (shield currently unavailable)
rNeg    + + +        k - +0 ring mail
rPois   inf          e - +0 helmet
rElec   .            (no cloak)
rCorr   .            (no gloves)
SInv    .            (no boots)
Will    .....        (no amulet)
Stlth   +            d - +5 ring of evasion
HPRegen 0.29/turn    (no ring)
MPRegen 0.14/turn

%: no passive effects
@: petrified
A: no striking features
a: Renounce Religion, Heroism


You were on level 8 of the Dungeon.
You worshipped Okawaru.
Okawaru was pleased with you.
You visited 2 branches of the dungeon, and saw 9 of its levels.

You collected 359 gold pieces.
You spent 198 gold pieces at shops.


   Skills:
 + Level 5.2 Fighting
 - Level 14.0 Ranged Weapons
 - Level 2.4 Armour
 - Level 8.0 Dodging
 - Level 1.2 Stealth
 - Level 4.0 Invocations


You had 8 spell levels left.
You didn't know any spells.
Your spell library was empty.

Inventory:

Hand Weapons
 a - a +0 heavy shortbow (weapon)
Armour
 e - a +0 helmet (worn)
 k - a +0 ring mail (worn)
Jewellery
 d - a +5 ring of evasion (left hand)
Wands
 g - a wand of iceblast (7)
 m - a wand of paralysis (2)
 q - a wand of polymorph (16)
Scrolls
 b - 4 scrolls of teleportation
 i - 3 scrolls of identify
Potions
 c - 5 potions of curing
 f - a potion of mutation
 l - 4 potions of might
 n - 2 potions of heal wounds

Dungeon Overview and Level Annotations

Branches:
Dungeon (8/15)             Temple (1/1) D:4
   Lair: D:8-11

Altars:
Ashenzari
Cheibriados
Dithmenos
Elyvilon
Fedhas
Gozag
Kikubaaqudgha
Makhleb
Nemelex Xobeh
Okawaru
Ru
Sif Muna
Trog
Uskayaw
Vehumet
Wu Jian
Xom
Yredelemnul
Zin
The Shining One

Shops:
D:1 (   D:3 (   D:8 *

Annotations:
D:4 3 runed translucent doors, exclusions: adder, 2 goblins and quokka, qw's ghost, amateur DjHu
D:8 Psyche; qw's ghost, novice DjHu


Message History

You resist with some effort.
You shoot an arrow.
The arrow hits the basilisk but does no damage.
The basilisk is almost dead.
The orc completely misses you. The basilisk gazes at you.
You resist with some effort.
You shoot an arrow. The arrow barely misses the basilisk.
The basilisk gazes at you.
You are slowing down.
The orc misses you.
An orc priest comes into view. It is wielding a +0 short sword.
The basilisk gazes at you. You resist with some effort.
You shoot an arrow. The arrow closely misses the basilisk.
You feel like a meek peon again. The orc hits you with a +0 whip.
The orc wizard points at you and mumbles some strange words.
The basilisk gazes at you.
Your limbs have turned to stone.
The basilisk bites you! The orc hits you but does no damage.
You have turned to stone.
The orc wizard hits you with a +0 dagger.
The basilisk bites you but does no damage.
The orc priest casts a cantrip, but nothing happens.
The orc wizard hits you but does no damage.
The basilisk bites you. The basilisk completely misses you.
The orc wizard casts a spell.
The orc wizard flickers and vanishes!
The basilisk bites you!
The orc priest invokes the aid of Beogh against you.
Beogh smites you! Something hits you. The basilisk bites you.
The basilisk gazes at you. You resist with some effort.
Something hits you but does no damage. The basilisk bites you! x2
Something hits you but does no damage. The basilisk bites you! x2
The basilisk bites you but does no damage.
Something hits you.
The basilisk bites you but does no damage.
Something hits you.
You die...

.#.....# ...... #....#
..... ##....# ##..# .
......#######...# ..
.......##.#.#..# ...
........#......# ....
..##...........####.....
#######'#.#.....l{o.....
.#.####\#.#...#.@{oo....
......#####..##..lo..#..
##.#...###...##..#...#
##...# ##......#...#
.......# ##.....# ..#
^#..#..# .....# ..#
.####.. ....... .# ..#
... (....... #. ....


You could see 2 basilisks, an orc priest and 3 orcs.

Vanquished Creatures
  Maggie (D:6)
  Grinder (D:3)
  Prince Ribbit (D:6)
  A wyvern (D:8)
  Sigmund (D:2)
  Eustachio (D:6)
  Edmund (D:5)
  Duvessa (D:4)
  2 water moccasins
  An orc warrior (D:7)
  An ice beast (D:6)
  A sky beast (D:7)
  A black bear (D:7)
  An ogre (D:4)
  2 phantoms
  Blork the orc (D:5)
  A bullfrog (D:7)
  5 scorpions
  Dowan (D:4)
  A howler monkey (D:7)
  3 bombardier beetles
  A quasit (D:5)
  5 orc priests
  4 hounds
  2 sleepcaps
  A gnoll bouda (D:4)
  2 iguanas
  6 orc wizards
  Robin (D:2)
  12 adders
  9 gnolls
  4 shadow imps
  8 white imps
  6 ufetubi (D:5)
  2 ribbon worms
  25 orcs
  A bat (D:1)
  5 endoplasms
  4 giant cockroaches
  20 goblins
  18 hobgoblins
  6 jackals
  5 quokkas
  7 ball pythons
  2 frilled lizards (D:1)
  5 kobolds
  3 rats (D:1)
193 creatures vanquished.

Vanquished Creatures (others)
  An orc wizard (D:4)
1 creature vanquished.

Grand Total: 194 creatures vanquished

Notes
Turn   | Place    | Note
-------+----------+-------------------------------------------
     0 | D:1      | qw the Deep Elf Hunter began the quest for the Orb.
     0 | D:1      | Reached XP level 1. HP: 12/12 MP: 3/3
     0 | D:1      | 0 ||| qw: Version: 0.3-a-160-g6735b56
     0 | D:1      | 0 ||| qw: Game counter: 4385
     0 | D:1      | 0 ||| qw: Melee chars always use a shield: true
     0 | D:1      | 0 ||| qw: God list: Okawaru
     0 | D:1      | 0 ||| qw: Allow faded altars: false
     0 | D:1      | 0 ||| qw: Do Orc after clearing Dungeon:15 true
     0 | D:1      | 0 ||| qw: Do second Lair branch before Depths: true
     0 | D:1      | 0 ||| qw: Lair rune preference: random
     0 | D:1      | 0 ||| qw: Goals: Normal
     0 | D:1      | 0 ||| PLANNING D:1-11
    61 | D:1      | You fall into a shaft and drop 1 floor!
    96 | D:2      | 96 ||| UPGRADING to +5 ring of evasion.
    97 | D:2      | 97 ||| READING scroll labelled WEINNA WATAI.
    98 | D:2      | 98 ||| DROPPING scroll of butterflies.
   102 | D:2      | 102 ||| FLEEEEING.
   103 | D:2      | 103 ||| FLEEEEING.
   104 | D:2      | 104 ||| FLEEEEING.
   105 | D:2      | 105 ||| FLEEEEING.
   106 | D:2      | 106 ||| STAIRDANCE
   187 | D:1      | Found Divav's Antique Weapon Shoppe.
   226 | D:1      | Reached XP level 2. HP: 16/16 MP: 4/4
   266 | D:1      | Reached skill level 6 in Ranged Weapons
   774 | D:1      | 774 ||| UPGRADING to +0 scale mail.
   784 | D:1      | 784 ||| DROPPING +0 leather armour.
   785 | D:1      | 785 ||| READING scroll labelled XYPE ROFUCOERGH.
   786 | D:1      | 786 ||| READING scroll labelled KACKUA JARYUH.
   786 | D:1      | 786 ||| IDENTIFYING lumpy pink potion
   787 | D:1      | 787 ||| READING 2 scrolls labelled YNERIUZXIPP.
   888 | D:1      | 888 ||| DRINKING 2 sapphire potions.
   889 | D:1      | 889 ||| DROPPING scroll of vulnerability.
   933 | D:2      | 933 ||| STAIRDANCE
   942 | D:2      | 942 ||| STAIRDANCE
   992 | D:2      | 992 ||| STAIRDANCE
   998 | D:2      | Reached XP level 3. HP: 20/20 MP: 5/5
  1061 | D:2      | Noticed Sigmund
  1065 | D:2      | 1065 ||| DRINKING potion of curing.
  1065 | D:2      | 1065 ||| (to cure confusion)
  1068 | D:2      | Killed Sigmund
  1069 | D:2      | Reached skill level 8 in Ranged Weapons
  1069 | D:2      | Reached XP level 4. HP: 16/25 MP: 6/6
  1069 | D:2      | Reached XP level 5. HP: 19/29 MP: 7/7
  1207 | D:2      | Noticed Robin
  1218 | D:2      | Killed Robin
  1219 | D:2      | Reached skill level 9 in Ranged Weapons
  1221 | D:2      | 1221 ||| FLEEEEING.
  1223 | D:2      | 1223 ||| FLEEEEING.
  1224 | D:2      | 1224 ||| FLEEEEING.
  1225 | D:2      | 1225 ||| FLEEEEING.
  1226 | D:2      | 1226 ||| FLEEEEING.
  1227 | D:2      | 1227 ||| FLEEEEING.
  1228 | D:2      | 1228 ||| FLEEEEING.
  1229 | D:2      | 1229 ||| FLEEEEING.
  1230 | D:2      | 1230 ||| FLEEEEING.
  1754 | D:2      | 1754 ||| UPGRADING to +0 helmet.
  1759 | D:2      | 1759 ||| UPGRADING to +0 ring mail.
  1769 | D:2      | 1769 ||| DROPPING +0 scale mail.
  1770 | D:2      | 1770 ||| READING scroll of identify.
  1770 | D:2      | 1770 ||| IDENTIFYING viscous puce potion
  1771 | D:2      | 1771 ||| READING scroll labelled XOGEOKK ZUUT.
  1772 | D:2      | 1772 ||| READING scroll labelled PUCHAE FAXO.
  1772 | D:2      | 1772 ||| BRANDING +0 shortbow.
  1773 | D:2      | 1773 ||| DRINKING 2 blue potions.
  1774 | D:2      | 1774 ||| DROPPING potion of ambrosia.
  1776 | D:2      | 1776 ||| Stepping ~*~*~tactically~*~*~ (cloud).
  1780 | D:2      | HP: 7/30 [poisoned by you (poison gas)]
  1785 | D:2      | HP: 3/30 [poisoned by you (poison gas)]
  2079 | D:3      | Reached XP level 6. HP: 35/35 MP: 8/8
  2251 | D:3      | Noticed a +0 quick blade
  2251 | D:3      | Noticed a +0 giant club
  2255 | D:3      | Noticed Grinder
  2276 | D:3      | Paralysed by Grinder for 2 turns
  2288 | D:3      | Paralysed by Grinder for 5 turns
  2290 | D:3      | HP: 4/35 [Grinder (7)]
  2293 | D:3      | 2293 ||| DRINKING potion of heal wounds.
  2297 | D:3      | Killed Grinder
  2298 | D:3      | Reached skill level 10 in Ranged Weapons
  2298 | D:3      | Reached XP level 7. HP: 32/40 MP: 9/9
  2327 | D:3      | Found Xux Ota's Weapon Emporium.
  2442 | D:3      | Found a hide-covered altar of Uskayaw.
  2442 | D:3      | Found a shimmering blue altar of Sif Muna.
  2487 | D:3      | Found a shadowy altar of Dithmenos.
  2487 | D:3      | Found an ancient bone altar of Kikubaaqudgha.
  3119 | D:3      | 3119 ||| READING 2 scrolls labelled UPUMNY EZIFEIL.
  3124 | D:3      | 3124 ||| READING scroll labelled ACKANO ANWA.
  3125 | D:3      | 3125 ||| DRINKING 2 cyan potions.
  3151 | D:4      | Noticed Duvessa
  3151 | D:4      | Noticed Dowan
  3153 | D:4      | 3153 ||| STAIRDANCE
  3157 | D:4      | 3157 ||| STAIRDANCE
  3173 | D:4      | 3173 ||| STAIRDANCE
  3256 | D:4      | 3256 ||| STAIRDANCE
  3294 | D:4      | 3294 ||| STAIRDANCE
  3339 | D:4      | 3339 ||| STAIRDANCE
  3373 | D:4      | 3373 ||| STAIRDANCE
  3431 | D:4      | Killed Duvessa
  3432 | D:4      | 3432 ||| STAIRDANCE
  3472 | D:4      | 3472 ||| ZAPPING wand of iceblast (7) at -3,2 (Dowan;
                  | floor).
  3477 | D:4      | Killed Dowan
  3478 | D:4      | Reached skill level 1 in Armour
  3480 | D:4      | 3480 ||| STAIRDANCE
  3539 | D:4      | 3539 ||| STAIRDANCE
  3545 | D:4      | 3545 ||| STAIRDANCE
  3605 | D:4      | Found a shimmering altar of Xom.
  3628 | D:4      | Reached skill level 11 in Ranged Weapons
  3634 | D:4      | 3634 ||| FLEEEEING.
  3636 | D:4      | 3636 ||| FLEEEEING.
  3646 | D:4      | HP: 10/40 [poisoned by an orc wizard]
  3651 | D:4      | HP: 6/40 [poisoned by an orc wizard]
  3864 | D:4      | Reached skill level 12 in Ranged Weapons
  3880 | D:4      | 3880 ||| RETREEEEATING.
  3883 | D:4      | 3883 ||| RETREEEEATING.
  3884 | D:4      | 3884 ||| RETREEEEATING.
  3886 | D:4      | 3886 ||| RETREEEEATING.
  3887 | D:4      | 3887 ||| RETREEEEATING.
  3891 | D:4      | 3891 ||| RETREEEEATING.
  3892 | D:4      | 3892 ||| RETREEEEATING.
  3893 | D:4      | 3893 ||| RETREEEEATING.
  3894 | D:4      | 3894 ||| RETREEEEATING.
  3895 | D:4      | 3895 ||| RETREEEEATING.
  3896 | D:4      | 3896 ||| RETREEEEATING.
  3897 | D:4      | 3897 ||| RETREEEEATING.
  3898 | D:4      | 3898 ||| RETREEEEATING.
  3903 | D:4      | Reached XP level 8. HP: 27/45 MP: 10/10
  3919 | D:4      | HP: 9/45 [something/magic dart (5)]
  3920 | D:4      | 3920 ||| READING scroll of teleportation.
  3920 | D:4      | HP: 3/45 [something/puff of flame (6)]
  3922 | D:4      | Reached skill level 3 in Fighting
  3924 | D:4      | HP: 1/46 [something/magic dart (3)]
  4506 | D:4      | Found a staircase to the Ecumenical Temple.
  4507 | D:4      | 4507 ||| PLANNING TEMPLE
  4507 | D:4      | 4507 ||| READING scroll of identify.
  4507 | D:4      | 4507 ||| IDENTIFYING lumpy orange potion
  4508 | D:4      | 4508 ||| DRINKING 2 coppery potions.
  4509 | D:4      | 4509 ||| DROPPING potion of brilliance.
  4562 | Temple   | Entered the Ecumenical Temple
  4563 | Temple   | 4563 ||| PLANNING OKAWARU WORSHIP
  4579 | Temple   | Became a worshipper of Warmaster Okawaru
  4580 | Temple   | 4580 ||| PLANNING D:1-11
  4671 | D:4      | 4671 ||| READING scroll of brand weapon.
  4671 | D:4      | 4671 ||| BRANDING +0 shortbow of draining.
  4803 | D:4      | Found a runed translucent gate.
  4804 | D:4      | Found a runed translucent gate.
  4804 | D:4      | Found a runed translucent gate.
  4805 | D:4      | Noticed qw's ghost (amateur DjHu)
  4977 | D:4      | 4977 ||| READING scroll labelled DOOSUINNYMEA.
  5082 | D:5      | Entered Level 5 of the Dungeon
  5094 | D:5      | Reached skill level 13 in Ranged Weapons
  5258 | D:5      | Noticed Edmund
  5261 | D:5      | Noticed Blork the orc
  5264 | D:5      | Killed Edmund
  5268 | D:5      | Killed Blork the orc
  5357 | D:5      | Reached skill level 14 in Ranged Weapons
  6207 | D:6      | Noticed Maggie
  6209 | D:6      | 6209 ||| ZAPPING wand of iceblast (6) at 5,4 (Maggie;
                  | floor).
  6210 | D:6      | 6210 ||| ZAPPING wand of iceblast (5) at 4,3 (Maggie;
                  | floor).
  6211 | D:6      | 6211 ||| ZAPPING wand of iceblast (4) at 2,2 (floor).
  6212 | D:6      | 6212 ||| ZAPPING wand of iceblast (3) at 2,2 (Maggie;
                  | floor).
  6215 | D:6      | Killed Maggie
  6216 | D:6      | Reached XP level 9. HP: 45/52 MP: 11/11
  6216 | D:6      | 6216 ||| FLEEEEING.
  6217 | D:6      | 6217 ||| FLEEEEING.
  6218 | D:6      | 6218 ||| FLEEEEING.
  6219 | D:6      | 6219 ||| FLEEEEING.
  6220 | D:6      | 6220 ||| FLEEEEING.
  6372 | D:6      | Reached * piety under Okawaru
  6374 | D:6      | Noticed Eustachio
  6389 | D:6      | Killed Eustachio
  6390 | D:6      | Reached skill level 6 in Dodging
  6390 | D:6      | Reached skill level 1 in Invocations
  6524 | D:6      | Found a white marble altar of Elyvilon.
  6725 | D:6      | Noticed Prince Ribbit
  6741 | D:6      | Killed Prince Ribbit
  6873 | D:6      | Reached skill level 3 in Invocations
  6986 | D:6      | 6986 ||| READING 5 scrolls of identify.
  6986 | D:6      | 6986 ||| IDENTIFYING 2 white potions
  6987 | D:6      | 6987 ||| READING 4 scrolls of identify.
  6987 | D:6      | 6987 ||| IDENTIFYING scroll labelled KYRHOZX DAMIEW
  6988 | D:6      | 6988 ||| DROPPING wand of flame (17).
  6989 | D:6      | 6989 ||| DROPPING scroll of fog.
  6990 | D:6      | 6990 ||| DROPPING 2 potions of degeneration.
  6999 | D:7      | 6999 ||| STAIRDANCE
  7019 | D:7      | 7019 ||| STAIRDANCE
  7290 | D:7      | Reached ** piety under Okawaru
  7744 | D:7      | 7744 ||| READING 4 scrolls of identify.
  7744 | D:7      | 7744 ||| IDENTIFYING scroll labelled VOSOS MIRUS
  7745 | D:7      | 7745 ||| DROPPING scroll of summoning.
  7805 | D:8      | 7805 ||| STAIRDANCE
  7872 | D:8      | Noticed a two-headed ogre
  7873 | D:8      | Noticed a manticore
  7873 | D:8      | Noticed qw's ghost (novice DjHu)
  7878 | D:8      | Found Ivaeh's General Store.
  7889 | D:8      | 7889 ||| BUYING potion of curing (33 gold).
  7889 | D:8      | Bought a potion of curing for 33 gold pieces
  7889 | D:8      | 7889 ||| BUYING scroll of teleportation (33 gold).
  7889 | D:8      | Bought a scroll of teleportation for 33 gold pieces
  7889 | D:8      | 7889 ||| BUYING wand of iceblast (5) (132 gold).
  7889 | D:8      | Bought a wand of iceblast (5) for 132 gold pieces
  7901 | D:8      | Noticed Psyche
  7902 | D:8      | 7902 ||| INVOKING Heroism.
  7911 | D:8      | 7911 ||| DRINKING potion of cancellation.
  7920 | D:8      | HP: 12/54 [basilisk (7)]
  7921 | D:8      | HP: 2/54 [basilisk (4)]
  7923 | D:8      | Slain by an orc wizard

Levels and vault maps discovered:
D:1:      dpeg_arrival_simpleton_c, layout_basic, serial_shops, shop,
          minmay_octomino_e4
D:2:      layout_rooms, serial_corexii_hall, corexii_hall_statues_x,
          corexii_hall_statues_s, corexii_hall_statues_i, uniq_robin,
          uniq_sigmund
D:3:      layout_basic, nicolae_overflow_two_pavilions,
          mainiacjoe_overflow_large_starburst, serial_shops,
          nicolae_shop_mannequins, minmay_goblin_kobold_house, uniq_grinder
D:4:      layout_loops_ring, xom_confusion_cloud,
          minmay_temple_entry_large_hall, gammafunk_ghost_nasty_kobolds,
          minmay_pentomino_pile, uniq_duvessa
D:5:      layout_basic, serial_demonic, serial_demonic_e, serial_demonic_a,
          serial_demonic_b, serial_demonic_a, serial_demonic_f,
          serial_demonic_g, st_stairs_14, uniq_blork_the_orc, uniq_edmund
D:6:      layout_basic, lemuel_round_altar, uniq_prince_ribbit1, uniq_maggie,
          uniq_eustachio
D:7:      layout_gridville
D:8:      layout_cave_pools, david_lair_generic, gammafunk_ghost_split,
          serial_shops, nicolae_shop_tiny_glass, st_stairs_2, uniq_psyche
Temple:   jpeg_temple_clearing

Skill      XL: |  1  2  3  4  5  6  7  8  9 |
---------------+----------------------------+-----
Ranged Weapons | 6 8 9 10 12 14 | 14.0
Fighting       | 2 4 5 |  5.2
Dodging        | 4 5 8 |  8.0
Armour         | 1 2 |  2.4
Invocations    | 4 |  4.0
Stealth        | |  1.2

Action                     |  1- 3 |  4- 6 |  7- 9 || total
---------------------------+-------+-------+-------++-------
   Fire: Shortbow          |    74 |   128 |   471 ||   673
 Invoke: Heroism           |       |       |     1 ||     1
  Evoke: Wand              |       |       |     5 ||     5
    Use: Scroll            |     4 |     3 |     9 ||    16
         Potion            |     2 |     2 |     3 ||     7
 Armour: Leather armour    |     1 |       |       ||     1
         Scale mail        |     7 |    26 |       ||    33
         Ring mail         |       |    15 |   188 ||   203
         Skin              |       |       |     4 ||     4
  Dodge: Dodged            |    19 |    36 |   263 ||   318

Table legend:
 A = Non-vault XP
 B = Vault XP
 C = Vault XP percentage of total XP
 D = Non-vault monster count
 E = Vault monster count
 F = Vault count percentage of total count
                 A         B        C        D         E       F
            +---------+---------+-------+---------+---------+-------
      Total |    2797 |    2606 |  48.2 |     128 |      66 |  34.0
            +---------+---------+-------+---------+---------+-------
        D:1 |      33 |       4 |  10.8 |      20 |       3 |  13.0
        D:2 |      82 |     246 |  75.0 |      16 |      14 |  46.7
        D:3 |     111 |     318 |  74.1 |      12 |      11 |  47.8
        D:4 |     638 |     568 |  47.1 |      44 |      18 |  29.0
        D:5 |     281 |     415 |  59.6 |       3 |      16 |  84.2
        D:6 |     555 |     841 |  60.2 |      15 |       3 |  16.7
        D:7 |    1058 |       0 |   0.0 |      16 |       0 |   0.0
        D:8 |      39 |     214 |  84.6 |       2 |       1 |  33.3
            +---------+---------+-------+---------+---------+-------
